 Dungeon Crawl Stone Soup version 0.25-a0-310-g60f0ac2d9a (webtiles) character file.

Game seed: 1670600557221400754, levelgen mode: deterministic

330 MrRokkomies the Ducker (level 6, -3/61 HPs)
             Began as an Ogre Wizard on Dec 23, 2019.
             Slain by a mummy (10 damage)
             ... in an ossuary.
             The game lasted 00:11:53 (3953 turns).

MrRokkomies the Ducker (Ogre Wizard)                Turns: 3953, Time: 00:11:53

Health: -3/61      AC:  4    Str: 12    XL:     6   Next: 51%
Magic:  11/11      EV: 11    Int: 20    God:
Gold:   276        SH:  0    Dex:  8    Spells: 1/12 levels left

rFire    . . .     SeeInvis .   a - +0 rapier (venom)
rCold    . . .     Gourm    .   (no shield)
rNeg     . . .     Faith    .   s - +0 robe
rPois    .         Spirit   .   b - +0 hat
rElec    .         Reflect  .   k - +0 cloak
rCorr    .         Harm     .   (gloves unavailable)
MR       .....                  (boots unavailable)
Stlth    +.........             (no amulet)
HPRegen  0.20/turn              (no ring)
MPRegen  0.12/turn              (no ring)

@: no status effects
A: large, unfitting armour, tough skin 1
a: no special abilities


You were in an ossuary.
You were not hungry.

You visited 1 branch of the dungeon, and saw 4 of its levels.
You also visited: Ossuary.

You collected 276 gold pieces.

Inventory:

Hand Weapons
 a - a +0 rapier of venom (weapon)
 c - a +1 whip of draining
 i - a +0 mace
Missiles
 f - 9 boomerangs
 h - 45 stones
 q - 6 poisoned darts (quivered)
Armour
 b - a +0 hat (worn)
 k - a +0 cloak (worn)
 s - a +0 robe (worn)
Wands
 r - a wand of enslavement (6)
Scrolls
 j - a scroll of immolation
 l - a scroll of teleportation
 o - a scroll of random uselessness {unknown}
 p - a scroll of remove curse
Potions
 e - 2 potions of agility
 m - a potion of curing
 n - a potion of might {unknown}
 t - a potion of haste {unknown}
Comestibles
 d - 7 rations


   Skills:
 + Level 3.4 Fighting
 * Level 4.0 Dodging
 - Level 1.4 Stealth
 - Level 3.6 Spellcasting
 * Level 3.7 Conjurations
 - Level 0.8 Summonings
 - Level 0.8 Translocations


You had one spell level left.
You knew the following spells:

 Your Spells              Type           Power        Failure   Level  Hunger
a - Magic Dart            Conj           ###.         3%          1    None
b - Blink                 Tloc           N/A          14%         2    ##.....
c - Call Imp              Summ           #.......     14%         2    ##.....
d - Conjure Flame         Conj/Fire      ##......     19%         3    ###....
e - Mephitic Cloud        Conj/Pois/Air  #.......     24%         3    ###....

Your spell library contained the following spells:

 Spells                   Type           Power        Failure   Level  Hunger
 Slow                     Hex            #.......     21%         2    ##.....


Dungeon Overview and Level Annotations

Branches:
Dungeon (4/15)            Ossuary (1/1)
 Temple: D:4-7

Altars:
Ru


Innate Abilities, Weirdness & Mutations

You are too large for most types of armour.
You have tough skin. (AC +1)


Message History

You are too injured to fight recklessly!
You are too injured to fight recklessly!
You are too injured to fight recklessly!
You are too injured to fight recklessly!
You hit the mummy but do no damage.
The mummy is severely damaged.
The kobold zombie hits you but does no damage.
The mummy barely misses you.
You closely miss the mummy.
The mummy is severely damaged.
The kobold zombie hits you.
You hit the mummy but do no damage.
The mummy is severely damaged.
The mummy hits you!
* * * LOW HITPOINT WARNING * * *
The kobold zombie barely misses you.
You hit the mummy.
The mummy is almost destroyed.
The mummy hits you!
You die...

..........
.......#
......#
#....#
#....#
#...Z#
#....#
#.MZ.#
#.@..#
#....#
#....#
#.\\.#
######


You could see a mummy and 2 kobold zombies.

Vanquished Creatures
  A centaur zombie (D:3)
  2 orc wizards (D:3)
  Jessica (D:3)
  A hound zombie (D:3)
  2 hound skeletons (D:3)
  A howler monkey skeleton (D:3)
  2 howler monkey zombies (D:3)
  A worker ant zombie (D:3)
  2 adders (D:2)
  3 gnolls (D:3)
  An adder skeleton (D:3)
  An adder zombie (D:3)
  2 worms (D:2)
  A dart slug (D:2)
  5 orcs
  4 bats
  A giant cockroach (D:3)
  4 goblins
  3 hobgoblins
  2 jackals (D:2)
  2 quokkas
  3 ball pythons
  A ball python skeleton (D:3)
  6 frilled lizards
  A giant cockroach zombie (D:3)
  7 kobolds
  3 kobold zombies (Ossuary)
  A leopard gecko skeleton (D:3)
  A leopard gecko zombie (D:3)
  An orc zombie (Ossuary)
  2 quokka skeletons (D:3)
  4 rats
72 creatures vanquished.

Vanquished Creatures (collateral kills)
  4 gnolls (D:2)
4 creatures vanquished.

Vanquished Creatures (others)
  4 toadstools (D:3)
4 creatures vanquished.

Grand Total: 80 creatures vanquished

Notes
Turn   | Place    | Note
-------+----------+-------------------------------------------
     0 | D:1      | MrRokkomies the Ogre Wizard began the quest for the Orb.
     0 | D:1      | Reached XP level 1. HP: 16/16 MP: 5/5
    55 | D:1      | Reached skill level 1 in Conjurations
   648 | D:2      | Reached skill level 2 in Dodging
   648 | D:2      | Reached XP level 2. HP: 26/26 MP: 0/6
   652 | D:2      | Learned a level 2 spell: Blink
   655 | D:2      | Learned a level 2 spell: Call Imp
   836 | D:2      | Reached skill level 1 in Fighting
   943 | D:2      | Reached XP level 3. HP: 15/33 MP: 0/8
  1356 | D:2      | Reached XP level 4. HP: 40/42 MP: 9/9
  1947 | D:3      | Reached skill level 3 in Dodging
  1962 | D:3      | Noticed Jessica
  1974 | D:3      | Killed Jessica
  1974 | D:3      | Reached XP level 5. HP: 28/50 MP: 4/10
  2024 | D:3      | Found a sacrificial altar of Ru.
  2241 | D:3      | Learned a level 3 spell: Conjure Flame
  2245 | D:3      | Learned a level 3 spell: Mephitic Cloud
  3142 | D:3      | Reached XP level 6. HP: 46/61 MP: 11/11
  3730 | D:3      | Reached skill level 4 in Dodging
  3886 | D:4      | Found a sand-covered staircase.
  3894 | Ossuary  | Entered an ossuary
  3953 | Ossuary  | Slain by a mummy

Levels and vault maps discovered:
D:1:      dpeg_arrival_rooms_a, layout_loops_ring
D:2:      layout_basic
D:3:      layout_basic, serial_undead, serial_undead_d, serial_undead_e,
          serial_undead_d, serial_undead_f, serial_undead_f, serial_undead_a,
          serial_undead_e, serial_undead_d, serial_undead_f, serial_undead_e,
          minmay_gold_behind_fungi, chequers_serial_rivers_micro_c,
          serial_bayou_pond_b, solitary_fountain, hangedman_ru_absence,
          uniq_jessica
D:4:      layout_basic, okawaru_gym_becter, enter_ossuary_4, uniq_eustachio,
          uniq_duvessa, uniq_blork_the_orc
Ossuary:  ossuary_tomb_3

Skill      XL: |  1  2  3  4  5  6 |
---------------+-------------------+-----
Conjurations   | 1 2 3 |  3.7
Dodging        | 2 3 4 |  4.0
Fighting       | 1 2 3 |  3.4
Stealth        | |  1.4
Spellcasting   | |  3.6
Summonings     | |  0.8
Translocations | |  0.8

Action                   |  1- 3 |  4- 6 || total
-------------------------+-------+-------++-------
Melee: Mace              |    46 |    37 ||    83
       Rapier            |       |   189 ||   189
       Whip              |       |    24 ||    24
Throw: Stone             |     4 |     1 ||     5
       Dart              |       |     9 ||     9
 Cast: Magic Dart        |    21 |    19 ||    40
       Call Imp          |     4 |       ||     4
       Mephitic Cloud    |       |     1 ||     1
  Use: Scroll            |     3 |     5 ||     8
       Potion            |       |     2 ||     2
  Eat: Chunk             |     1 |     6 ||     7
       Ration            |       |     1 ||     1
Armor: Robe              |    14 |   116 ||   130
       Skin              |       |    14 ||    14
Dodge: Dodged            |    28 |   195 ||   223

Table legend:
 A = Non-vault XP
 B = Vault XP
 C = Vault XP percentage of total XP
 D = Non-vault monster count
 E = Vault monster count
 F = Vault count percentage of total count
                 A         B        C        D         E       F
            +---------+---------+-------+---------+---------+-------
      Total |     237 |     235 |  49.8 |      52 |      24 |  31.6
            +---------+---------+-------+---------+---------+-------
        D:1 |       6 |       0 |   0.0 |       6 |       0 |   0.0
        D:2 |     108 |       3 |   2.7 |      29 |       1 |   3.3
        D:3 |     123 |     228 |  65.0 |      17 |      19 |  52.8
    Ossuary |       0 |       4 | 100.0 |       0 |       4 | 100.0
            +---------+---------+-------+---------+---------+-------
